 Dungeon Sprint DCSS version 0.21-a0-401-g0b6bec4 (webtiles) character file.

6200000 pipel the Champion of Chaos (level 27, -2/249 HPs)
             Began as a Gnoll Fighter on Oct 22, 2017.
             Was the Champion of Makhleb.
             Slain by a destroyer
             ... wielding a +9 great sword of slicing
              (20 damage)
             ... in the Dungeon (Sprint VIII: "Arena of Blood").
             The game lasted 00:02:42 (62 turns).

pipel the Champion of Chaos (Gnoll Fighter)           Turns: 62, Time: 00:02:43

Health: -2/249     AC: 13    Str: 21    XL:     27
Magic:  17/54      EV: 34    Int: 10    God:    Makhleb [******]
Gold:   0          SH:  0    Dex: 26    Spells: 80/80 levels left

rFire    . . .     SeeInvis +   l - +∞ Axe of Woe
rCold    . . .     Gourm    .   (shield currently unavailable)
rNeg     . . .     Faith    .   b - +0 scale mail
rPois    .         Spirit   .   (no helmet)
rElec    .         Reflect  .   (no cloak)
rCorr    .         Harm     .   (no gloves)
MR       ++...     NoTele   +   (no boots)
Stlth    +++++++++.             (no amulet)
HPRegen  0.51/turn              m - ring of see invisible
MPRegen  0.34/turn              (no ring)

@: no status effects
A: distributed training, fangs 1, strong nose
a: Minor Destruction, Lesser Servant of Makhleb, Major Destruction, Greater
Servant of Makhleb, Renounce Religion


You were in the Dungeon.
You worshipped Makhleb.
Makhleb was exalted by your worship.
You were not hungry.

You visited 1 branch

Inventory:

Hand Weapons
 a - a +0 war axe
 l - the +∞ Axe of Woe (weapon)
   (You found it in the Dungeon)
Armour
 b - a +0 scale mail (worn)
 c - a +0 shield
Jewellery
 m - a ring of see invisible (left hand)
Scrolls
 k - a scroll of blinking
Potions
 d - a potion of might
 e - a potion of curing
 g - a potion of heal wounds
 h - a potion of haste
 i - 2 potions of magic
 j - a potion of berserk rage
Comestibles
 f - a bread ration


   Skills:
 O Level 27 Fighting
 O Level 27 Short Blades
 O Level 27 Long Blades
 O Level 27 Axes
 O Level 27 Maces & Flails
 O Level 27 Polearms
 O Level 27 Staves
 O Level 27 Slings
 O Level 27 Bows
 O Level 27 Crossbows
 O Level 27 Throwing
 O Level 27 Armour
 O Level 27 Dodging
 O Level 27 Stealth
 O Level 27 Shields
 O Level 27 Unarmed Combat
 O Level 27 Spellcasting
 O Level 27 Conjurations
 O Level 27 Hexes
 O Level 27 Charms
 O Level 27 Summonings
 O Level 27 Necromancy
 O Level 27 Translocations
 O Level 27 Transmutations
 O Level 27 Fire Magic
 O Level 27 Ice Magic
 O Level 27 Air Magic
 O Level 27 Earth Magic
 O Level 27 Poison Magic
 O Level 27 Invocations
 O Level 27 Evocations


You had 80 spell levels left.
You didn't know any spells.

Dungeon Overview and Level Annotations

Branches:
Dungeon (1/1)

Altars:
Makhleb


Innate Abilities, Weirdness & Mutations

Your experience applies equally to all skills.
You have very sharp teeth.
Your uncanny sense of smell can sniff out nearby items.


Message History

You hear a shout! x3
The destroyer blinks!
You hear a shout!
An accursed comes into view.
Unknown command.
Unknown command.
An orc and a crawling corpse come into view.
You hear a shout! x4
The bag of meat moves out of view.
You hear a shout!
The meat berserker rages.
The tyrant gestures wildly while chanting.
The tyrant seems to speed up.
You hear a shout!
A crawling corpse suddenly disappears!
You hear a shout!
The destroyer hits you with a +9 great sword of slicing!!!!
Ouch! That really hurt!
* * * LOW HITPOINT WARNING * * *
You die...

################
............)§O####
........))).o§o§..####
....##.##)#####o§§...###
.......o))).zV§V@§......
#.....##x##.o.oo§.......
.........§oo.OO........
.......#§#.Xooo..#W....
.......§.XXo.Xo####....
.......).LM.o.z... ....
.......)).X...oo.o ..#
......)))x.X.o.... ..
......X)z.........


You could see an accursed, 2 tentacled monstrosities, a tyrant, 2 destroyers, 2
sculptors of flesh, a large bag of meat (inner flame), 4 large abominations, a
dread, 2 meat berserkers, 15 bags of meat and a crawling corpse (wandering).

Vanquished Creatures
  Harold (D)
  8 vampire knights (D)
  21 ogres (D)
  A two-headed ogre (D)
  A lich (D)
  34 orcs (D)
  2 crawling corpses (D)
68 creatures vanquished.

Vanquished Creatures (others)
  2 crawling corpses (D)
2 creatures vanquished.

Grand Total: 70 creatures vanquished

Notes
Turn   | Place    | Note
-------+----------+-------------------------------------------
     0 | D        | Found the +∞ Axe of Woe
     0 | D        | pipel the Gnoll Fighter began the quest for the Orb.
     0 | D        | Reached XP level 1. HP: 23/23 MP: 1/1
     2 | D        | Noticed a bag of meat
     2 | D        | Noticed a bag of meat
     3 | D        | Noticed a bag of meat
     4 | D        | Noticed a bag of meat
     4 | D        | Noticed a bag of meat
     4 | D        | Noticed a meat berserker
     5 | D        | Noticed a bag of meat
     7 | D        | Noticed a meat berserker
     8 | D        | Killed a bag of meat
     8 | D        | Reached skill level 10 in Short Blades
     8 | D        | Reached skill level 10 in Long Blades
     8 | D        | Reached skill level 10 in Maces & Flails
     8 | D        | Reached skill level 10 in Polearms
     8 | D        | Reached skill level 10 in Staves
     8 | D        | Reached skill level 10 in Slings
     8 | D        | Reached skill level 10 in Bows
     8 | D        | Reached skill level 10 in Crossbows
     8 | D        | Reached skill level 10 in Throwing
     8 | D        | Reached skill level 10 in Dodging
     8 | D        | Reached skill level 10 in Stealth
     8 | D        | Reached skill level 10 in Unarmed Combat
     8 | D        | Reached skill level 10 in Spellcasting
     8 | D        | Reached skill level 10 in Evocations
     8 | D        | Reached XP level 2. HP: 39/39 MP: 1/13
     8 | D        | Reached XP level 3. HP: 45/45 MP: 1/15
     8 | D        | Reached XP level 4. HP: 52/52 MP: 1/16
     8 | D        | Reached XP level 5. HP: 58/58 MP: 1/18
     8 | D        | Reached XP level 6. HP: 65/65 MP: 1/19
     8 | D        | Reached XP level 7. HP: 71/71 MP: 1/21
     8 | D        | Reached XP level 8. HP: 78/78 MP: 1/22
     8 | D        | Reached XP level 9. HP: 83/83 MP: 1/23
     8 | D        | Reached XP level 10. HP: 90/90 MP: 1/24
     8 | D        | Reached XP level 11. HP: 96/96 MP: 1/25
     8 | D        | Reached XP level 12. HP: 103/103 MP: 1/26
     9 | D        | Noticed a bag of meat
     9 | D        | Killed a meat berserker
     9 | D        | Reached XP level 13. HP: 104/114 MP: 1/30
     9 | D        | Reached XP level 14. HP: 111/121 MP: 1/31
     9 | D        | Killed a bag of meat
     9 | D        | Reached skill level 15 in Fighting
     9 | D        | Reached skill level 15 in Axes
     9 | D        | Reached skill level 15 in Armour
     9 | D        | Reached skill level 15 in Shields
     9 | D        | Reached skill level 15 in Invocations
     9 | D        | Killed a bag of meat
     9 | D        | Reached skill level 15 in Short Blades
     9 | D        | Reached skill level 15 in Long Blades
     9 | D        | Reached skill level 15 in Maces & Flails
     9 | D        | Reached skill level 15 in Polearms
     9 | D        | Reached skill level 15 in Staves
     9 | D        | Reached skill level 15 in Slings
     9 | D        | Reached skill level 15 in Bows
     9 | D        | Reached skill level 15 in Crossbows
     9 | D        | Reached skill level 15 in Throwing
     9 | D        | Reached skill level 15 in Dodging
     9 | D        | Reached skill level 15 in Stealth
     9 | D        | Reached skill level 15 in Unarmed Combat
     9 | D        | Reached skill level 15 in Spellcasting
     9 | D        | Reached skill level 15 in Evocations
     9 | D        | Reached XP level 15. HP: 121/132 MP: 1/34
    10 | D        | Killed a meat berserker
    10 | D        | Reached XP level 16. HP: 101/143 MP: 1/37
    10 | D        | Reached skill level 15 in Conjurations
    10 | D        | Reached skill level 15 in Hexes
    10 | D        | Reached skill level 15 in Charms
    10 | D        | Reached skill level 15 in Summonings
    10 | D        | Reached skill level 15 in Necromancy
    10 | D        | Reached skill level 15 in Translocations
    10 | D        | Reached skill level 15 in Transmutations
    10 | D        | Reached skill level 15 in Fire Magic
    10 | D        | Reached skill level 15 in Ice Magic
    10 | D        | Reached skill level 15 in Air Magic
    10 | D        | Reached skill level 15 in Earth Magic
    10 | D        | Reached skill level 15 in Poison Magic
    11 | D        | Noticed a meat berserker
    12 | D        | Killed a meat berserker
    12 | D        | Reached XP level 17. HP: 110/155 MP: 2/40
    13 | D        | Noticed a meat berserker
    13 | D        | Became a worshipper of Makhleb the Destroyer
    14 | D        | Noticed a meat berserker
    14 | D        | Reached * piety under Makhleb
    14 | D        | Reached XP level 18. HP: 103/164 MP: 2/42
    15 | D        | Killed a meat berserker
    15 | D        | Reached ** piety under Makhleb
    15 | D        | Reached XP level 19. HP: 176/176 MP: 3/44
    17 | D        | Noticed a meat berserker
    17 | D        | Noticed a meat berserker
    18 | D        | Noticed a meat berserker
    18 | D        | Noticed a meat berserker
    18 | D        | Noticed a meat berserker
    19 | D        | Noticed a large bag of meat
    19 | D        | Noticed a meat berserker
    19 | D        | Noticed a meat berserker
    19 | D        | Noticed a meat berserker
    20 | D        | Killed a meat berserker
    20 | D        | Killed a meat berserker
    20 | D        | Killed a meat berserker
    20 | D        | Reached *** piety under Makhleb
    20 | D        | Reached XP level 20. HP: 190/190 MP: 4/48
    21 | D        | Noticed a meat berserker
    22 | D        | Noticed a large bag of meat
    22 | D        | Killed a meat berserker
    22 | D        | Killed a meat berserker
    22 | D        | Reached skill level 27 in Invocations
    22 | D        | Reached XP level 21. HP: 201/201 MP: 5/50
    23 | D        | Killed a meat berserker
    23 | D        | Reached **** piety under Makhleb
    23 | D        | Killed a meat berserker
    23 | D        | Reached skill level 27 in Fighting
    23 | D        | Reached skill level 27 in Short Blades
    23 | D        | Reached skill level 27 in Long Blades
    23 | D        | Reached skill level 27 in Axes
    23 | D        | Reached skill level 27 in Maces & Flails
    23 | D        | Reached skill level 27 in Polearms
    23 | D        | Reached skill level 27 in Staves
    23 | D        | Reached skill level 27 in Slings
    23 | D        | Reached skill level 27 in Bows
    23 | D        | Reached skill level 27 in Crossbows
    23 | D        | Reached skill level 27 in Throwing
    23 | D        | Reached skill level 27 in Armour
    23 | D        | Reached skill level 27 in Dodging
    23 | D        | Reached skill level 27 in Stealth
    23 | D        | Reached skill level 27 in Shields
    23 | D        | Reached skill level 27 in Unarmed Combat
    23 | D        | Reached skill level 27 in Spellcasting
    23 | D        | Reached skill level 27 in Evocations
    23 | D        | Reached XP level 22. HP: 212/212 MP: 5/53
    24 | D        | Noticed a destroyer
    25 | D        | Reached ***** piety under Makhleb
    25 | D        | Reached skill level 27 in Conjurations
    25 | D        | Reached skill level 27 in Hexes
    25 | D        | Reached skill level 27 in Charms
    25 | D        | Reached skill level 27 in Summonings
    25 | D        | Reached skill level 27 in Necromancy
    25 | D        | Reached skill level 27 in Translocations
    25 | D        | Reached skill level 27 in Transmutations
    25 | D        | Reached skill level 27 in Fire Magic
    25 | D        | Reached skill level 27 in Ice Magic
    25 | D        | Reached skill level 27 in Air Magic
    25 | D        | Reached skill level 27 in Earth Magic
    25 | D        | Reached skill level 27 in Poison Magic
    25 | D        | Reached XP level 23. HP: 219/219 MP: 5/54
    26 | D        | Noticed a destroyer
    27 | D        | Reached XP level 24. HP: 227/227 MP: 6/54
    27 | D        | Killed a large bag of meat
    27 | D        | Reached ****** piety under Makhleb
    28 | D        | Reached XP level 25. HP: 234/234 MP: 6/54
    30 | D        | Noticed The Servant
    32 | D        | Noticed a destroyer
    32 | D        | Killed a destroyer
    32 | D        | Reached XP level 26. HP: 242/242 MP: 8/54
    36 | D        | Noticed a destroyer
    36 | D        | Noticed a destroyer
    37 | D        | Reached XP level 27. HP: 195/249 MP: 9/54
    39 | D        | Noticed a destroyer
    39 | D        | HP: 3/249 [The Servant/+9 glaive of flaming (11)]
    40 | D        | Noticed a destroyer
    40 | D        | Killed a destroyer
    40 | D        | Killed a destroyer
    40 | D        | Killed a destroyer
    42 | D        | Killed The Servant
    42 | D        | Killed a destroyer
    44 | D        | Killed a destroyer
    46 | D        | Killed a destroyer
    54 | D        | Noticed a tyrant
    59 | D        | Noticed a dread
    59 | D        | Killed a tyrant
    60 | D        | Noticed a destroyer
    60 | D        | Noticed a destroyer
    60 | D        | Noticed a tyrant
    60 | D        | Noticed a destroyer
    61 | D        | Killed a destroyer
    62 | D        | Noticed an accursed
    62 | D        | Slain by a destroyer

Vault maps used:
D:        meatsprint

Skill      XL: |  1  2  3  4  5  6  7  8  9 10 11 12 13 14 15 16 17 18 19 20 21 22 |
---------------+-------------------------------------------------------------------+-----
Fighting       | 12 14 16 18 19 20 22 24 26 27 | 27.0
Short Blades   | 10 13 15 17 19 20 21 24 25 27 | 27.0
Long Blades    | 10 13 15 17 19 20 21 24 25 27 | 27.0
Axes           | 11 14 15 17 19 20 22 24 25 27 | 27.0
Maces & Flails | 10 13 15 17 19 20 21 24 25 27 | 27.0
Polearms       | 10 13 15 17 19 20 21 24 25 27 | 27.0
Staves         | 10 13 15 17 19 20 21 24 25 27 | 27.0
Slings         | 10 13 15 17 19 20 21 24 25 27 | 27.0
Bows           | 10 13 15 17 19 20 21 24 25 27 | 27.0
Crossbows      | 10 13 15 17 19 20 21 24 25 27 | 27.0
Throwing       | 10 13 15 17 19 20 21 24 25 27 | 27.0
Armour         | 12 14 16 18 19 20 22 24 26 27 | 27.0
Dodging        | 10 13 15 17 19 20 21 24 25 27 | 27.0
Stealth        | 10 13 15 17 19 20 21 24 25 27 | 27.0
Shields        | 12 14 16 18 19 20 22 24 26 27 | 27.0
Unarmed Combat | 10 13 15 17 19 20 21 24 25 27 | 27.0
Spellcasting   | 10 13 15 17 19 20 21 24 25 27 | 27.0
Conjurations   | 9 11 13 14 16 17 19 21 22 23 27 | 27.0
Hexes          | 9 11 13 14 16 17 19 21 22 23 27 | 27.0
Charms         | 9 11 13 14 16 17 19 21 22 23 27 | 27.0
Summonings     | 9 11 13 14 16 17 19 21 22 23 27 | 27.0
Necromancy     | 9 11 13 14 16 17 19 21 22 23 27 | 27.0
Translocations | 9 11 13 14 16 17 19 21 22 23 27 | 27.0
Transmutations | 9 11 13 14 16 17 19 21 22 23 27 | 27.0
Fire Magic     | 9 11 13 14 16 17 19 21 22 23 27 | 27.0
Ice Magic      | 9 11 13 14 16 17 19 21 22 23 27 | 27.0
Air Magic      | 9 11 13 14 16 17 19 21 22 23 27 | 27.0
Earth Magic    | 9 11 13 14 16 17 19 21 22 23 27 | 27.0
Poison Magic   | 9 11 13 14 16 17 19 21 22 23 27 | 27.0
Invocations    | 11 14 16 18 20 21 23 25 27 | 27.0
Evocations     | 10 13 15 17 19 20 21 24 25 27 | 27.0

Action                   |  1- 3 |  4- 6 |  7- 9 | 10-12 | 13-15 | 16-18 | 19-21 | 22-24 | 25-27 || total
-------------------------+-------+-------+-------+-------+-------+-------+-------+-------+-------++-------
Melee: Executioner's axe |     1 |       |       |     1 |     1 |     3 |     3 |     3 |    10 ||    22
Armor: Scale mail        |       |       |       |       |       |       |       |       |     4 ||     4
Dodge: Dodged            |       |       |       |     1 |       |       |     2 |     1 |     2 ||     6

Table legend:
 A = Spawn XP
 B = Non-spawn XP
 C = Spawn XP percentage of total XP
 D = Spawn monster count
 E = Non-spawn monster count
 F = Spawn count percentage of total count
 G = Total turns spent on level
                    A         B        C        D         E        F      G
               +---------+---------+-------+---------+---------+-------+---------
         Total |       0 | 1992776 |   0.0 |       0 |      66 |   0.0 |    62
               +---------+---------+-------+---------+---------+-------+---------
             D |       0 | 1992776 |   0.0 |       0 |      66 |   0.0 |    62
               +---------+---------+-------+---------+---------+-------+---------
